 Dungeon Sprint DCSS version 0.22.1-2-g9c5b331 (webtiles) character file.

364 diana the Carver (level 6, 0/53 HPs)
             Began as a Demonspawn Gladiator on Nov 30, 2018.
             Was a Follower of Okawaru.
             Slain by Grinder (4 damage)
             ... while paralysed by Grinder
             ... in the Dungeon (Sprint VII: "The Pits").
             The game lasted 00:02:43 (846 turns).

diana the Carver (Demonspawn Gladiator)              Turns: 846, Time: 00:02:43

Health: 0/53       AC: 14    Str: 16    XL:     6   Next: 39%
Magic:  6/6        EV:  2    Int:  9    God:    Okawaru [*.....]
Gold:   0          SH:  0    Dex: 15    Spells: 5/5 levels left

rFire    . . .     SeeInvis .   l - +2 falchion
rCold    . . .     Gourm    .   (no shield)
rNeg     . . .     Faith    .   u - +3 scale mail
rPois    .         Spirit   .   c - +0 helmet
rElec    .         Reflect  .   (no cloak)
rCorr    .         Harm     .   (no gloves)
MR       .....     NoTele   +   (no boots)
Stlth    ..........             (no amulet)
HPRegen  0.17/turn              (no ring)
MPRegen  0.10/turn              (no ring)

@: paralysed
A: hooves 2, icy blue scales 2
a: Heroism, Renounce Religion


You were in the Dungeon.
You worshipped Okawaru.
Okawaru was aware of your devotion.
You were not hungry.

You visited 1 branch

Inventory:

Hand Weapons
 a - a +0 long sword
 l - a +2 falchion (weapon)
Missiles
 d - 3 throwing nets (quivered)
Armour
 b - a +0 leather armour
 c - a +0 helmet (worn)
 t - a +3 ring mail
 u - a +3 scale mail (worn)
Magical Staves
 r - an uncursed staff of energy
Scrolls
 k - a scroll of blinking
 n - 3 scrolls of remove curse
 o - 5 scrolls of amnesia
 p - a scroll of summoning
 q - 2 scrolls of vulnerability
Potions
 e - 6 potions of curing
 g - 5 potions of heal wounds
 h - a potion of haste
 i - 4 potions of magic
 j - 3 potions of berserk rage
 m - 2 potions of invisibility
Comestibles
 f - 9 rations


   Skills:
 + Level 6.4 Fighting
 * Level 8.5 Long Blades
 - Level 1.7 Throwing
 + Level 5.4 Armour
 + Level 6.2 Dodging


You had 5 spell levels left.
You didn't know any spells.
Your spell library was empty.

Dungeon Overview and Level Annotations

Branches:
Dungeon (1/1)

Altars:
Ashenzari
Cheibriados
Dithmenos
Elyvilon
Fedhas
Gozag
Hepliaklqana
Kikubaaqudgha
Makhleb
Nemelex Xobeh
Okawaru
Qazlal
Ru
Sif Muna
Trog
Uskayaw
Vehumet
Wu Jian
Xom
Yredelemnul
Zin
The Shining One
Beogh
Jiyva
Lugonu

Annotations:
D Grinder


Innate Abilities, Weirdness & Mutations

You have hoof-like feet.
You are mostly covered in icy blue scales. (AC +3)


Message History

You hit Grinder but do no damage.
Grinder is almost dead.
Grinder closely misses you.
You closely miss Grinder. You kick Grinder.
Grinder is almost dead.
Grinder hits you.
* * * LOW HITPOINT WARNING * * *
You writhe in agony.
* * * LOW HITPOINT WARNING * * *
You hit Grinder but do no damage. Your kick misses Grinder.
Grinder is almost dead.
You completely miss Grinder.
Grinder is almost dead.
Grinder gestures at you.
You suddenly lose the ability to move!
Grinder hits you but does no damage. Grinder hits you.
* * * LOW HITPOINT WARNING * * *
You writhe in agony.
You die...

#'#####+#####.....
#.#..#..#..##.....
#.#..'..'..#####'#
#.##†####)###.....
#.#........##.....
#.#........##.....
#.#####'#####...<.
#†#...)))..##.....
#@#...)))..##.....
#5###########.....
#z).....# ######
#.###...# #.# .#
#.# #.. #.. #..


You could see Grinder and a wight.

Vanquished Creatures
  2 big kobolds (D)
  A bullfrog (D)
  2 wights (D)
  2 worker ants (D)
  A gnoll (D)
  An adder (D)
  A leopard gecko (D)
  A hobgoblin (D)
  A kobold (D)
  A quokka (D)
  A bat (D)
  A jackal zombie (D)
  A rat (D)
16 creatures vanquished.

Notes
Turn   | Place    | Note
-------+----------+-------------------------------------------
     0 | D        | diana the Demonspawn Gladiator began the quest for the Orb.
     0 | D        | Reached XP level 1. HP: 16/16 MP: 1/1
    10 | D        | Noticed a six-headed hydra
    24 | D        | Reached skill level 3 in Long Blades
    28 | D        | Found a bloodstained altar of Trog.
    28 | D        | Found a deep blue altar of Sif Muna.
    28 | D        | Found a viscous altar of Jiyva.
    28 | D        | Found a hazy altar of Hepliaklqana.
    28 | D        | Found an opulent altar of Gozag.
    29 | D        | Found a glowing golden altar of the Shining One.
    29 | D        | Found a glowing silver altar of Zin.
    29 | D        | Found a basalt altar of Yredelemnul.
    29 | D        | Found a shimmering altar of Xom.
    29 | D        | Found an ornate altar of the Wu Jian Council.
    29 | D        | Found a sacrificial altar of Ru.
    29 | D        | Found a stormy altar of Qazlal.
    29 | D        | Found an iron altar of Okawaru.
    29 | D        | Found a sparkling altar of Nemelex Xobeh.
    29 | D        | Found a burning altar of Makhleb.
    29 | D        | Found a blossoming altar of Fedhas.
    29 | D        | Found a white marble altar of Elyvilon.
    29 | D        | Found a shadowy altar of Dithmenos.
    29 | D        | Found a snail-covered altar of Cheibriados.
    31 | D        | Found a corrupted altar of Lugonu.
    31 | D        | Found a radiant altar of Vehumet.
    31 | D        | Found a roughly hewn altar of Beogh.
    32 | D        | Found an ancient bone altar of Kikubaaqudgha.
    32 | D        | Found a hide-covered altar of Uskayaw.
    32 | D        | Found a shattered altar of Ashenzari.
    36 | D        | Became a worshipper of Warmaster Okawaru
    84 | D        | Reached skill level 1 in Armour
    84 | D        | Gained mutation: You have large cloven feet. [demonic
                  | ancestry]
    84 | D        | Reached XP level 2. HP: 10/23 MP: 2/2
   400 | D        | Reached skill level 4 in Long Blades
   400 | D        | Gained mutation: You have hoof-like feet. [demonic
                  | ancestry]
   400 | D        | Reached XP level 3. HP: 26/29 MP: 3/3
   570 | D        | Reached skill level 5 in Long Blades
   570 | D        | Reached XP level 4. HP: 22/37 MP: 4/4
   740 | D        | Noticed a big kobold
   740 | D        | Noticed a bullfrog
   750 | D        | Killed a bullfrog
   750 | D        | Reached * piety under Okawaru
   750 | D        | Reached skill level 6 in Long Blades
   750 | D        | Gained mutation: You are partially covered in icy blue
                  | scales. (AC +2) [demonic ancestry]
   750 | D        | Reached XP level 5. HP: 38/43 MP: 5/5
   757 | D        | Reached skill level 5 in Fighting
   757 | D        | Reached skill level 7 in Long Blades
   757 | D        | Reached skill level 5 in Dodging
   781 | D        | Noticed Grinder
   816 | D        | Paralysed by Grinder for 5 turns
   823 | D        | Reached skill level 8 in Long Blades
   823 | D        | Reached skill level 5 in Armour
   823 | D        | Gained mutation: You are mostly covered in icy blue scales.
                  | (AC +3) [demonic ancestry]
   823 | D        | Reached XP level 6. HP: 12/52 MP: 6/6
   844 | D        | Paralysed by Grinder for 5 turns
   846 | D        | Slain by Grinder

Skill      XL: |  1  2  3  4  5  6 |
---------------+-------------------+-----
Long Blades    | 3 4 5 6 8 |  8.5
Armour         | 1 2 3 5 |  5.4
Dodging        | 3 4 5 6 |  6.2
Fighting       | 3 4 6 |  6.4
Throwing       | |  1.7

Action                   |  1- 3 |  4- 6 || total
-------------------------+-------+-------++-------
Melee: Long sword        |    21 |       ||    21
       Kick              |     7 |    16 ||    23
       Falchion          |     7 |    56 ||    63
  Use: Potion            |       |     1 ||     1
 Stab: Sleeping          |     2 |       ||     2
Armor: Leather armour    |     4 |       ||     4
       Scale mail        |     1 |    28 ||    29
Dodge: Dodged            |    20 |    17 ||    37
       Rpst.: Long sword |     7 |       ||     7
       Falchion          |     1 |     6 ||     7
